 Dungeon Crawl Stone Soup version 0.21-a0-401-g0b6bec4 (webtiles) character file.

67 rgaf the Scratcher (level 4, 0/19 HPs)
             Began as a Felid Transmuter on Oct 26, 2017.
             Slain by a worm (5 damage)
             ... on level 3 of the Dungeon.
             The game lasted 00:03:51 (2960 turns).

rgaf the Scratcher (Felid Transmuter)               Turns: 2960, Time: 00:03:51

Health: 0/19       AC:  1    Str:  6    XL:     4   Next: 0%
Magic:  8/8        EV: 18    Int: 15    God:
Gold:   98         SH:  0    Dex: 16    Spells: 6/7 levels left
                                        Lives:  0   Deaths: 1

rFire    . . .     SeeInvis +     - Unarmed
rCold    . . .     Gourm    .   (shield unavailable)
rNeg     . . .     Faith    .   (armour unavailable)
rPois    .         Spirit   .   (helmet unavailable)
rElec    .         Reflect  .   (cloak unavailable)
rCorr    +         Harm     .   (gloves unavailable)
MR       .....                  (boots unavailable)
Stlth    +++.......             (no amulet)
HPRegen  0.06/turn              k - ring of resist corrosion
MPRegen  0.11/turn              (no ring)

@: quick
A: no armour, no weapons or thrown items, stealth, claws 1, fangs 3, see
invisible, carnivore 3, speed 1, shaggy fur 1, slow metabolism 1, sharp paws
a: no special abilities


You were on level 3 of the Dungeon.
You were very full.

You visited 1 branch of the dungeon, and saw 3 of its levels.

You collected 98 gold pieces.

Inventory:

Missiles
 a - 12 arrows
Jewellery
 k - a ring of resist corrosion (left paw)
Scrolls
 d - a scroll of immolation {unknown}
 e - 2 scrolls of blinking {unknown}
 f - a scroll of noise {unknown}
 i - 2 scrolls of identify {unknown}
 l - a scroll of magic mapping {unknown}
 m - a scroll of remove curse {unknown}
 o - a scroll of recharging {unknown}
Potions
 h - a potion of flight {unknown}
 j - a potion of curing {unknown}
 n - a potion of degeneration {unknown}
Books
 b - a book of Changes

   Spells                             Type                      Level
   a - Beastly Appendage              Transmutation                1
   b - Sticks to Snakes               Transmutation                2
   c - Spider Form                    Transmutation/Poison         3
   d - Ice Form                       Ice/Transmutation            4
   e - Blade Hands                    Transmutation                5
Comestibles
 c - 3 meat rations
 g - 3 royal jellies


   Skills:
 - Level 1.0 Fighting
 - Level 2.6 Dodging
 + Level 3.0 Stealth
 * Level 4.4 Unarmed Combat
 - Level 2.0 Spellcasting
 + Level 3.2 Transmutations


You had 6 spell levels left.
You knew the following spells:

 Your Spells              Type           Power        Failure   Level  Hunger
a - Beastly Appendage     Tmut           ##....       6%          1    #......


Dungeon Overview and Level Annotations

Branches:
Dungeon (3/15)

Altars:
Hepliaklqana
Makhleb
Nemelex Xobeh
The Shining One


Innate Abilities, Weirdness & Mutations

You cannot wear armour.
You are incapable of wielding weapons or throwing items.
Your paws allow you to move quietly. (Stealth)
You have sharp claws.
You have razor-sharp teeth.
You have supernaturally acute eyesight. (SInv)
You are carnivorous and can eat meat at any time.
You cover ground quickly.
You are covered in fur. (AC +1)
You have a slow metabolism.
Your sharp claws are effective at attacking unaware monsters.


Message History

You scratch the worm.
The worm is heavily wounded.
The worm closely misses you.
You barely miss the worm.
The worm is heavily wounded.
You scratch the worm.
The worm is severely wounded.
The worm bites you.
You barely miss the worm.
The worm is severely wounded.
You barely miss the worm.
The worm is severely wounded.
The worm bites you.
* * * LOW HITPOINT WARNING * * *
You scratch the worm.
The worm is almost dead.
You barely miss the worm. You claw the worm, but do no damage.
The worm is almost dead.
The worm bites you.
You die...

## #.... #.# # ##+## #####
#.###. ##...## #.#.##
##.....## #.#.## ##.......##
#
########....####.........####
...............'.........'...
#..##[.....w.###.........####
≈.≈≈#..#.#.#@# ##......[## #
#w≈≈≈≈≈≈w.##.###.# ##.....##
≈≈≈≈≈≈≈≈≈≈≈#...#.# ##...##
≈≈≈≈≈≈≈≈#≈≈w...#.# ##+##
≈≈≈#≈≈≈≈≈≈≈≈.#.#.# #.#
≈≈≈≈≈≈≈≈≈≈≈≈≈.÷$.# #.#
≈≈##≈≈≈≈≈≈≈≈#≈.### ##.##
.<≈≈(..≈≈.≈≈#≈.########...##
..♣.?<....)≈≈..<.##........#


You could see a worm.

Vanquished Creatures
  5 adders
  An ooze (D:1)
  7 dart slugs
  2 leopard geckos (D:2)
  An orc (D:3)
  7 bats
  A giant cockroach (D:2)
  3 goblins
  6 hobgoblins
  5 jackals
  4 frilled lizards
  6 kobolds (D:1)
  5 rats
53 creatures vanquished.

Notes
Turn   | Place    | Note
-------+----------+-------------------------------------------
     0 | D:1      | rgaf the Felid Transmuter began the quest for the Orb.
     0 | D:1      | Reached XP level 1. HP: 9/9 MP: 4/4
   116 | D:1      | Reached skill level 1 in Stealth
   124 | D:1      | Reached XP level 2. HP: 8/12 MP: 6/6
   866 | D:1      | Reached XP level 3. HP: 8/15 MP: 7/7
  1553 | D:2      | Reached skill level 4 in Unarmed Combat
  1691 | D:2      | Found a glowing golden altar of the Shining One.
  1879 | D:2      | Found a hazy altar of Hepliaklqana.
  1892 | D:2      | Reached XP level 4. HP: 15/19 MP: 8/8
  2138 | D:2      | Found a burning altar of Makhleb.
  2393 | D:3      | Found a sparkling altar of Nemelex Xobeh.
  2412 | D:3      | Slain by a worm
  2413 | D:3      | Reached XP level 3. HP: -4/15 MP: 7/7
  2790 | D:3      | Reached XP level 4. HP: 7/19 MP: 8/8
  2960 | D:3      | Slain by a worm

Vault maps used:
D:1:      roderic_crop_circles_arrival_small
D:2:      lemuel_crystal_altar, lightli_temple_of_fire, lemuel_round_altar
D:3:      kennysheep_slugbush, nemelex_xobeh_ov_fountains_minmay,
          gup_sewer_entry_spiral, kennysheep_generic_room_10, uniq_grinder

Skill      XL: |  1  2  3 |
---------------+----------+-----
Stealth        | 1 3 |  3.0
Unarmed Combat | 4 |  4.4
Transmutations | 3 |  3.2
Fighting       | |  1.0
Dodging        | |  2.6
Spellcasting   | |  2.0

Action                   |  1- 3 |  4- 6 || total
-------------------------+-------+-------++-------
Melee: Unarmed           |   145 |    60 ||   205
       Bite              |    11 |     3 ||    14
       Punch             |     1 |     1 ||     2
 Stab: Sleeping          |     9 |     2 ||    11
  Eat: Chunk             |    13 |     2 ||    15
Armor: Skin              |    10 |     4 ||    14
Dodge: Dodged            |   116 |    58 ||   174

Table legend:
 A = Spawn XP
 B = Non-spawn XP
 C = Spawn XP percentage of total XP
 D = Spawn monster count
 E = Non-spawn monster count
 F = Spawn count percentage of total count
 G = Total turns spent on level
                    A         B        C        D         E        F      G
               +---------+---------+-------+---------+---------+-------+---------
         Total |       0 |     169 |   0.0 |       0 |      53 |   0.0 |  2960
               +---------+---------+-------+---------+---------+-------+---------
           D:1 |       0 |      43 |   0.0 |       0 |      22 |   0.0 |  1176
           D:2 |       0 |      62 |   0.0 |       0 |      16 |   0.0 |  1119
           D:3 |       0 |      64 |   0.0 |       0 |      15 |   0.0 |   665
               +---------+---------+-------+---------+---------+-------+---------
